 Dungeon Crawl Stone Soup version 0.29.1-15-g9cfb28693d (webtiles) character file.

Game seed: 10624013690690638907

7036 Hugehornet the Protected (level 11, -10/66 HPs)
             Began as a Gargoyle Fighter on Mar 20, 2023.
             Was a Believer of Okawaru.
             Mangled by a blizzard demon (12 damage)
             ... in a Gauntlet on Mar 21, 2023.
             The game lasted 00:37:48 (12801 turns).

Hugehornet the Protected (Gargoyle Fighter)        Turns: 12801, Time: 00:37:48

Health: -10/66     AC: 27    Str: 20    XL:     11   Next: 9%
Magic:  15/15      EV:  6    Int: 13    God:    Okawaru [**....]
Gold:   551        SH:  5    Dex: 15    Spells: 7/10 levels left

rFire   + . .      SeeInvis .   m - +0 whip (flame)
rCold   + + .      Faith    .   c - +0 buckler
rNeg    + . .      Spirit   .   t - +0 plate armour
rPois   ∞          Reflect  .   z - +0 helmet
rElec   +          Harm     .   y - +1 cloak {rPois}
rCorr   +          Rampage  .   (no gloves)
Will    .....      Clarity  +   (no boots)
Stlth   .......... NoTele   +   i - amulet of the acrobat
HPRegen 0.21/turn               N - +6 ring of dexterity
MPRegen 0.14/turn               H - ring of protection from cold

@: resistant, hasted, very quick
A: sickness immunity, AC +8, negative energy resistance 1, electricity
resistance, torment resistance 1, petrification resistance, clarity, robust 1
a: Renounce Religion, Heroism


You were in a Gauntlet.
You worshipped Okawaru.
Okawaru was pleased with you.
You visited 3 branches of the dungeon, and saw 11 of its levels.
You also visited: Sewer and Gauntlet.

You collected 551 gold pieces.

Inventory:

Hand Weapons
 a - a +0 flail
 l - a +0 hand axe
 m - a +0 whip of flaming (weapon)
 w - a +0 trident of chaos
 A - a +2 whip of electrocution
 B - a +0 arbalest
Missiles
 e - 14 poisoned darts
 L - a throwing net
Armour
 c - a +0 buckler (worn)
 j - a +0 chain mail
 t - a +0 plate armour (worn)
 y - a +1 cloak of poison resistance (worn)
 z - a +0 helmet (worn)
 E - the +1 robe of Eternity {Str-3 Int+6 Dex+4}
   (You found it on level 5 of the Dungeon)

   Str:       It affects your strength (-3).
   Int:       It affects your intelligence (+6).
   Dex:       It affects your dexterity (+4).
Jewellery
 i - an amulet of the acrobat (around neck)
 x - an amulet of faith
 F - an amulet of guardian spirit
 H - a ring of protection from cold (right hand)
 K - a ring of flight
 N - a +6 ring of dexterity (left hand)
Wands
 b - a wand of flame (7) (quivered)
 I - a wand of mindburst (11)
 O - a wand of iceblast (11)
Scrolls
 d - a scroll of enchant armour {unknown}
 g - a scroll of poison {unknown}
 h - a scroll of brand weapon
 n - a scroll of blinking {unknown}
 o - 4 scrolls of enchant weapon
 p - a scroll of magic mapping {unknown}
 r - a scroll of identify
 u - a scroll of torment {unknown}
 v - a scroll of noise {unknown}
 D - 2 scrolls of amnesia {unknown}
 M - 2 scrolls of vulnerability {unknown}
Potions
 f - 2 potions of magic
 k - a potion of ambrosia
 C - a potion of attraction
 G - 2 potions of lignification
 P - a potion of berserk rage


   Skills:
 - Level 3.2 Fighting
 * Level 11.2 Maces & Flails
 * Level 12.3 Armour
 - Level 5.0 Shields
 * Level 5.4 Invocations


You had 7 spell levels left.
You knew the following spells:

 Your Spells              Type           Power      Damage    Failure   Level
a - Swiftness             Air            0%         N/A       100%        3

Your spell library contained the following spells:

 Spells                   Type           Power      Damage    Failure   Level
 Beastly Appendage        Tmut           0%         N/A       99%         1
 Shock                    Conj/Air       0%         1d3       99%         1
 Ensorcelled Hibernation  Hex/Ice        0%         N/A       100%        2
 Wereblood                Tmut           0%         N/A       100%        2
 Frozen Ramparts          Ice            0%         1d1       100%        3
 Gell's Gravitas          Tloc           0%         N/A       100%        3
 Lesser Beckoning         Tloc           0%         N/A       100%        3
 Ozocubu's Armour         Ice            0%         N/A       100%        3
 Portal Projectile        Hex/Tloc       0%         N/A       100%        3
 Spider Form              Tmut/Pois      0%         N/A       100%        3
 Teleport Other           Tloc           0%         N/A       100%        3
 Airstrike                Air            0%         2d(0-16)  100%        4
 Anguish                  Hex/Necr       0%         N/A       100%        4
 Fulminant Prism          Conj/Hex       0%         3d6       100%        4
 Ice Form                 Ice/Tmut       0%         N/A       100%        4
 Iskenderun's Mystic Bla  Conj/Tloc      0%         2d3       100%        4
 Leda's Liquefaction      Hex/Erth       0%         N/A       100%        4
 Lee's Rapid Deconstruct  Erth           0%         3d5*      100%        5
 Metabolic Englaciation   Hex/Ice        0%         N/A       100%        5
 Sublimation of Blood     Necr           Unusable   N/A       N/A         2
 Call Canine Familiar     Summ           Unusable   N/A       N/A         3
 Summon Ice Beast         Ice/Summ       Unusable   N/A       N/A         4
 Simulacrum               Ice/Necr       Unusable   N/A       N/A         6
 Summon Hydra             Summ           Unusable   N/A       N/A         7

Dungeon Overview and Level Annotations

Branches:
Dungeon (9/15)             Temple (1/1) D:7            Lair (1/5) D:8
  Sewer (visited)         Gauntlet (1/1)
    Orc: D:9-12

Altars:
Ashenzari
Cheibriados
Dithmenos
Elyvilon
Gozag
Hepliaklqana
Kikubaaqudgha
Makhleb
Nemelex Xobeh
Okawaru
Qazlal
Ru
Sif Muna
Trog
Uskayaw
Vehumet
Wu Jian
Xom
Yredelemnul
Zin
The Shining One

Shops:
D:1 [

Annotations:
D:9 exclusion: orange crystal statue Gauntlet 11 transporters


Innate Abilities, Weirdness & Mutations

You are immune to sickness and miasma.
Your stone body is resilient. (AC +8)
You are immune to poison.
You resist negative energy. (rN+)
You are resistant to electric shocks. (rElec)
You are resistant to unholy torment.
You are immune to petrification.
You possess an exceptional clarity of mind.
You are robust. (+10% HP)


Message History

The blizzard demon gestures at you.
The freezing blast engulfs you but does no damage.
You resist.
You are engulfed in freezing vapours.
You resist.
* * * LOW HITPOINT WARNING * * *
The blizzard demon is engulfed in freezing vapours.
The blizzard demon hits you.
* * * LOW HITPOINT WARNING * * *
The blizzard demon hits you but does no damage.
The blizzard demon is engulfed in freezing vapours.
The blizzard demon gestures at you. The bolt of lightning misses you.
The blizzard demon closely misses you. x2
You hit the blizzard demon but do no damage.
The blizzard demon is heavily wounded.
You hit the blizzard demon. You burn the blizzard demon.
The blizzard demon is heavily wounded.
The blizzard demon hits you but does no damage.
The blizzard demon closely misses you.
You feel yourself speed up.
The wolf stops to sniff the ground.
The blizzard demon gestures at you. The bolt of lightning hits you! You resist.
* * * LOW HITPOINT WARNING * * *
You hit the blizzard demon but do no damage.
The blizzard demon is heavily wounded.
You hit the blizzard demon. You burn the blizzard demon.
The blizzard demon is severely wounded.
You closely miss the blizzard demon.
The blizzard demon is severely wounded.
The blizzard demon hits you.
* * * LOW HITPOINT WARNING * * *
You block the blizzard demon's attack.
You closely miss the blizzard demon.
The blizzard demon is severely wounded.
You hit the blizzard demon but do no damage.
The blizzard demon is severely wounded.
The blizzard demon hits you but does no damage.
The blizzard demon hits you!
You die...

#^..##D#...#..######=#..###
......s#.§§#....hy.=.#..#8#
########..§###########..###
.........§§............≈#
........≈8§........∩...∩###
.........≈§............≈#8#
########...###########..###
....ZBZ#...#.........#..#
.#.#.#B#...#.##.@2##.#..###
#.#.#..#####?#.#.#.#.#..#8#
.#.#.#.#...#!.##.##..#..###
#.©.#..#©.©#©.#.°.#..#©.#
.#.#.#.#...#).##.##..#..###
#.#.#..#####"#.#.#.#.#..#8#
.#.#.#.#...#.##...##.#..###
.......#.8.#.........#..#
########...###########..###


You could see a blizzard demon, a moth of wrath and a wolf.

Vanquished Creatures
  Pikel (D:5)
  The ghost of MrClown the Reanimator, a novice DsNe (D:5)
  A cane toad (Lair:1)
  A komodo dragon (Lair:1)
  A hornet (D:9)
  Sigmund (D:5)
  A shadow (D:9)
  6 yaks
  Menkaure (D:5)
  2 swamp worms (D:7)
  5 water moccasins
  An orc warrior (D:8)
  2 ice beasts
  2 sky beasts
  5 black bears
  5 centaurs
  4 kobold brigands (Sewer)
  A lemure (D:5)
  A phantom (D:7)
  6 bullfrogs
  2 scorpions
  A gnoll sergeant (D:9)
  2 necrophages
  6 killer bees
  4 jellies
  A gnoll bouda (D:9)
  3 orc priests
  2 hounds
  Terence (D:2)
  An iguana (D:5)
  18 gnolls
  12 adders
  3 river rats (Sewer)
  2 shadow imps
  2 white imps
  4 ufetubi
  8 worms
  4 dart slugs
  22 orcs
  6 ball pythons
  5 bats
  12 endoplasms
  3 giant cockroaches
  6 goblins
  13 hobgoblins
  3 jackals (D:2)
  11 kobolds
  11 quokkas
  4 frilled lizards
  7 rats
227 creatures vanquished.

Vanquished Creatures (others)
  An ufetubus (D:5)
  18 fungi
  27 plants
  A withered plant (Gauntlet)
47 creatures vanquished.

Grand Total: 274 creatures vanquished

Notes
Turn   | Place    | Note
-------+----------+-------------------------------------------
     0 | D:1      | Hugehornet the Gargoyle Fighter began the quest for the
                  | Orb.
     0 | D:1      | Reached XP level 1. HP: 14/14 MP: 1/1
   225 | D:1      | Reached XP level 2. HP: 16/19 MP: 2/2
   772 | D:1      | Found Vozaew's Antique Armour Emporium.
  1167 | D:1      | Reached XP level 3. HP: 18/23 MP: 3/3
  1592 | D:2      | Found a shadowy altar of Dithmenos.
  1614 | D:2      | Noticed Terence
  1638 | D:2      | Killed Terence
  1639 | D:2      | Reached skill level 4 in Armour
  1639 | D:2      | Reached XP level 4. HP: 14/28 MP: 4/4
  2578 | D:2      | Reached XP level 5. HP: 31/32 MP: 5/5
  2955 | D:3      | Noticed a black bear
  3085 | D:3      | Killed a black bear
  3086 | D:3      | Reached skill level 5 in Armour
  3134 | D:3      | Reached XP level 6. HP: 27/37 MP: 6/6
  3167 | D:3      | Found a glowing drain.
  3193 | Sewer    | Entered a sewer
  3836 | Sewer    | Reached skill level 5 in Maces & Flails
  3836 | Sewer    | Reached XP level 7. HP: 24/41 MP: 7/7
  4208 | Sewer    | Reached skill level 6 in Armour
  4552 | D:3      | Found a glowing golden altar of the Shining One.
  4589 | D:3      | Learned a level 3 spell: Swiftness
  4701 | D:3      | Found an ornate altar of the Wu Jian Council.
  5017 | D:4      | Reached skill level 5 in Shields
  5638 | D:4      | Found an opulent altar of Gozag.
  5640 | D:4      | Found a sacrificial altar of Ru.
  5647 | D:4      | Found a burning altar of Makhleb.
  5735 | D:5      | Entered Level 5 of the Dungeon
  5861 | D:5      | Reached skill level 7 in Armour
  5861 | D:5      | Reached XP level 8. HP: 30/46 MP: 8/8
  5986 | D:5      | Noticed Menkaure
  6000 | D:5      | Killed Menkaure
  6065 | D:5      | Noticed MrClown's ghost (novice DsNe)
  6066 | D:5      | Found a transporter.
  6214 | D:5      | Noticed Pikel
  6265 | D:5      | Killed Pikel
  6266 | D:5      | Reached skill level 8 in Armour
  6512 | D:5      | Reached XP level 9. HP: 49/51 MP: 9/9
  6533 | D:5      | Reached skill level 9 in Armour
  6621 | D:5      | Noticed Sigmund
  6630 | D:5      | Killed Sigmund
  6767 | D:5      | Found a transporter.
  6925 | D:5      | Killed MrClown's ghost
  6945 | D:5      | Identified the +1 robe of Eternity {Str-3 Int+6 Dex+4}
  7403 | D:6      | Reached skill level 10 in Armour
  8167 | D:7      | Found a staircase to the Ecumenical Temple.
  8449 | Temple   | Entered the Ecumenical Temple
  8529 | Temple   | Became a worshipper of Warmaster Okawaru
  8604 | D:7      | Reached XP level 10. HP: 51/56 MP: 10/10
  8757 | D:7      | Reached skill level 10 in Maces & Flails
  8757 | D:7      | Reached skill level 11 in Armour
  9002 | D:8      | Reached skill level 1 in Invocations
  9090 | D:8      | Found a staircase to the Lair.
  9097 | D:8      | Reached * piety under Okawaru
 10107 | D:9      | Noticed an orange crystal statue
 10623 | D:9      | Gained mutation: You are partially covered in iridescent
                  | scales. (AC +2) [potion of mutation]
 10623 | D:9      | Gained mutation: You sometimes lose your temper in combat.
                  | [potion of mutation]
 10623 | D:9      | Gained mutation: You are clumsy. (Dex -2) [potion of
                  | mutation]
 10624 | D:9      | Lost mutation: You are partially covered in iridescent
                  | scales. (AC +2) [potion of mutation]
 10624 | D:9      | Lost mutation: You sometimes lose your temper in combat.
                  | [potion of mutation]
 10624 | D:9      | Lost mutation: You are clumsy. (Dex -2) [potion of
                  | mutation]
 10624 | D:9      | Gained mutation: You are robust. (+10% HP) [potion of
                  | mutation]
 10624 | D:9      | Gained mutation: You possess an exceptional clarity of
                  | mind. [potion of mutation]
 10706 | D:9      | Reached ** piety under Okawaru
 11534 | D:9      | Found a broken altar of Ashenzari.
 11579 | D:9      | Found a snail-covered altar of Cheibriados.
 11874 | Lair:1   | Entered Level 1 of the Lair of Beasts
 12099 | Lair:1   | Found a gate leading to a gauntlet.
 12149 | Lair:1   | Reached skill level 12 in Armour
 12171 | Lair:1   | Noticed a cane toad
 12188 | Lair:1   | Killed a cane toad
 12199 | Lair:1   | Reached skill level 5 in Invocations
 12199 | Lair:1   | Reached XP level 11. HP: 31/66 MP: 14/14
 12252 | Gauntlet | Entered a Gauntlet
 12252 | Gauntlet | Noticed a blizzard demon
 12252 | Gauntlet | Found a transporter.
 12252 | Gauntlet | Found a transporter.
 12252 | Gauntlet | Found a transporter.
 12350 | Gauntlet | Noticed a moth of wrath
 12430 | Gauntlet | Found a transporter.
 12432 | Gauntlet | Noticed a death scarab
 12438 | Gauntlet | Noticed a death scarab
 12443 | Gauntlet | Found a transporter.
 12448 | Gauntlet | Found a transporter.
 12454 | Gauntlet | Found a transporter.
 12454 | Gauntlet | Noticed a manticore
 12475 | Gauntlet | Found a transporter.
 12476 | Gauntlet | Found a transporter.
 12534 | Gauntlet | Found a transporter.
 12544 | Gauntlet | Found a transporter.
 12557 | Gauntlet | Noticed a soul eater
 12569 | Gauntlet | Found a transporter.
 12586 | Gauntlet | Noticed a satyr
 12600 | Gauntlet | Noticed a swamp dragon
 12600 | Gauntlet | a guardian serpent changed into a swamp dragon
 12608 | Gauntlet | a swamp dragon changed into a water nymph
 12628 | Gauntlet | Noticed a spark wasp
 12628 | Gauntlet | a satyr changed into a spark wasp
 12643 | Gauntlet | Noticed a steelbarb worm
 12652 | Gauntlet | Noticed a cyclops
 12652 | Gauntlet | a steelbarb worm changed into a cyclops
 12653 | Gauntlet | a cyclops changed into a wind drake
 12711 | Gauntlet | Noticed a wolf spider
 12711 | Gauntlet | a slime creature changed into a wolf spider
 12716 | Gauntlet | Noticed an ice dragon
 12716 | Gauntlet | a spark wasp changed into an ice dragon
 12796 | Gauntlet | HP: 2/66 [blizzard demon/bolt of lightning (9)]
 12801 | Gauntlet | Mangled by a blizzard demon

Illustrated notes

Levels and vault maps discovered:
D:1:      matt_arrival_diagonals, layout_loops_corners, serial_shops,
          nicolae_shop_stone, minmay_tetromino_s2
D:2:      cheibrodos_helix_gallery, layout_basic, basic_altar, uniq_terence
D:3:      layout_basic, mainiacjoe_overflow_tiny_flanked,
          mainiacjoe_overflow_six_doors_small, gup_sewer_entry_pipe
D:4:      layout_loops_ring, grunt_temple_overflow_diamond
D:5:      layout_cave_pods, gammafunk_ghost_arena, uniq_menkaure, uniq_pikel,
          uniq_sigmund
D:6:      layout_gridville, kennysheep_dice
D:7:      layout_rooms, minmay_temple_entry_gardened_gates, worms_lemuel
D:8:      layout_basic, due_lair_maze_entry_diamond
D:9:      layout_basic, nicolae_ashenzari_skybound, kennysheep_mini_moat,
          disabler_island
Temple:   compressed_dpeg_circular_temple
Lair:1:   layout_regular_city, gauntlet_entry_generic, grunt_megastairs_5
Gauntlet: gammafunk_gauntlet_shortcut [gammafunk_gauntlet_arena_corners,
          gammafunk_gauntlet_arena_grid, gammafunk_gauntlet_arena_spirals,
          gammafunk_gauntlet_arena_mazey,
          gammafunk_gauntlet_arena_split_diamond,
          gammafunk_gauntlet_arena_split_x, gauntlet_exit_watery]

Skill      XL: |  1  2  3  4  5  6  7  8  9 10 |
---------------+-------------------------------+-----
Maces & Flails | 3 4 5 6 7 9 11 | 11.2
Armour         | 4 5 7 8 10 12 | 12.3
Shields        | 4 5 |  5.0
Invocations    | 5 |  5.4
Fighting       | |  3.2

Action                   |  1- 3 |  4- 6 |  7- 9 | 10-12 || total
-------------------------+-------+-------+-------+-------++-------
Melee: Flail             |   117 |   228 |   198 |       ||   543
       Whip              |       |       |   278 |   386 ||   664
Invok: Heroism           |       |       |       |     5 ||     5
Evoke: Wand              |       |     5 |     1 |       ||     6
  Use: Potion            |     2 |       |     6 |    10 ||    18
       Scroll            |       |     4 |     3 |     7 ||    14
 Stab: Invisible         |       |       |     4 |    15 ||    19
Armor: Scale mail        |    48 |       |       |       ||    48
       Chain mail        |    27 |   134 |    61 |       ||   222
       Plate armour      |       |       |   254 |   218 ||   472
Dodge: Dodged            |    60 |    91 |   169 |   153 ||   473
Block: Buckler           |    28 |    49 |    87 |    98 ||   262
